 Dungeon Crawl Stone Soup version 0.21.1-1-g345015f (webtiles) character file.

95 Ilves the Chopper (level 4, -1/42 HPs)
             Began as a Hill Orc Fighter on Apr 14, 2018.
             Killed from afar by an orc wizard (5 damage)
             ... with a puff of flame
             ... on level 3 of the Dungeon.
             The game lasted 00:03:08 (1771 turns).

Ilves the Chopper (Hill Orc Fighter)                Turns: 1771, Time: 00:03:10

Health: -1/42      AC: 10    Str: 18    XL:     4   Next: 66%
Magic:  4/4        EV:  7    Int:  8    God:
Gold:   115        SH:  9    Dex: 11    Spells: 3/3 levels left

rFire    . . .     SeeInvis .   a - +0 war axe
rCold    . . .     Gourm    .   c - +0 shield
rNeg     . . .     Faith    .   b - +0 scale mail
rPois    .         Spirit   .   (no helmet)
rElec    .         Reflect  .   (no cloak)
rCorr    .         Harm     .   (no gloves)
MR       .....                  l - +2 pair of boots
Stlth    ..........             (no amulet)
HPRegen  0.14/turn              (no ring)
MPRegen  0.09/turn              (no ring)

@: no status effects
A: no striking features
a: no special abilities


You were on level 3 of the Dungeon.
You were not hungry.

You visited 1 branch of the dungeon, and saw 3 of its levels.

You collected 115 gold pieces.

Inventory:

Hand Weapons
 a - a +0 war axe (weapon)
Armour
 b - a +0 scale mail (worn)
 c - a +0 shield (worn)
 l - a +2 pair of boots (worn)
Jewellery
 g - a cursed -3 ring of evasion {unknown}
Scrolls
 e - a scroll of blinking {unknown}
 i - a scroll of magic mapping {unknown}
 k - a scroll of immolation {unknown}
 m - a scroll of noise {unknown}
 n - 3 scrolls of enchant armour {unknown}
 o - a scroll of fog {unknown}
 p - a scroll of amnesia {unknown}
 q - 4 scrolls of remove curse {unknown}
Potions
 d - a potion of might
 h - 2 potions of experience {unknown}
 j - a potion of curing {unknown}
 r - a potion of invisibility {unknown}
 s - a potion of flight {unknown}
Comestibles
 f - 5 rations
 t - 2 chunks of flesh


   Skills:
 * Level 5.0 Fighting
 * Level 5.0 Axes
 - Level 3.2 Armour
 - Level 3.2 Shields


You had 3 spell levels left.
You didn't know any spells.

Dungeon Overview and Level Annotations

Branches:
Dungeon (3/15)

Altars:


Message History

A puff of flame appears from out of thin air!
The puff of flame misses you.
You miss something. Something completely misses you.
You hear some strange, mumbled words.
A puff of flame appears from out of thin air!
The puff of flame hits you!
* * * LOW HITPOINT WARNING * * *
You miss something.
Unknown command.
The orc hits you with a hand axe.
* * * LOW HITPOINT WARNING * * *
Something hits you but does no damage.
There is an open door, spattered with blood here.
Your shield and scale mail prevent you from hitting the orc.
The orc is moderately wounded.
You miss something.
You hear some strange, mumbled words.
A puff of flame appears from out of thin air!
The puff of flame hits you!
You die...

# ##### # #######...#
# #.....#...# #
#.....#...########## #
#....)#...#........###
#....o')..'..........'
#....@#...#.......[###
#.....#...#........# #
###.###...#........# #
#. #####........# # #
#........# #
#######........###
..................
##################
##.#.#.#.#.#.


You could see an orc.

Vanquished Creatures
  An orc wizard (D:3)
  2 adders
  An ooze (D:3)
  A dart slug (D:2)
  A leopard gecko (D:1)
  4 orcs (D:3)
  A ball python (D:1)
  10 bats
  A giant cockroach (D:1)
  3 goblins
  5 frilled lizards
  6 kobolds
  5 rats
41 creatures vanquished.

Notes
Turn   | Place    | Note
-------+----------+-------------------------------------------
     0 | D:1      | Ilves the Hill Orc Fighter began the quest for the Orb.
     0 | D:1      | Reached XP level 1. HP: 19/19 MP: 1/1
   430 | D:1      | Reached XP level 2. HP: 27/27 MP: 2/2
  1114 | D:2      | Reached XP level 3. HP: 34/34 MP: 3/3
  1664 | D:3      | Reached XP level 4. HP: 40/41 MP: 4/4
  1766 | D:3      | Reached skill level 5 in Fighting
  1766 | D:3      | Reached skill level 5 in Axes
  1771 | D:3      | Killed from afar by an orc wizard

Skill      XL: |  1  2  3  4 |
---------------+-------------+-----
Fighting       | 4 5 |  5.0
Axes           | 3 4 5 |  5.0
Armour         | |  3.2
Shields        | |  3.2

Action                   |  1- 3 |  4- 6 || total
-------------------------+-------+-------++-------
Melee: War axe           |   121 |    23 ||   144
  Eat: Chunk             |     3 |       ||     3
Armor: Scale mail        |    75 |    22 ||    97
Dodge: Dodged            |    38 |     6 ||    44
Block: Shield            |    80 |    13 ||    93
